 Dungeon Crawl Stone Soup version 0.29.1-2-gbd0b4ee654 (webtiles) character file.

Game seed: 7345976453463969872

24407 DemonSlayer the Thaumaturge (level 12, 0/81 HPs)
             Began as a Demonspawn Fire Elementalist on Nov 24, 2022.
             Was the Champion of Cheibriados.
             Slain by a red devil
             ... wielding a +0 trident
             ... summoned by an orc high priest
              (9 damage)
             ... on level 1 of the Orcish Mines.
             The game lasted 00:56:20 (21262 turns).

DemonSlayer the Thaumaturge (DsFE)                 Turns: 21262, Time: 00:56:21

Health: 0/81       AC:  9    Str: 27    XL:     12   Next: 80%
Magic:  27/37      EV: 17    Int: 32    God:    Cheibriados [******]
Gold:   2042       SH:  5    Dex: 30    Spells: 5/35 levels left

rFire   x . .      SeeInvis .   O - +4 short sword of Rubbish {vorpal, rCorr}
rCold   . . .      Faith    .   p - orb {*Rage}
rNeg    . . .      Spirit   .   f - +0 leather armour "Karuvez" {rF- Will+++ Regen+ rCorr}
rPois   +          Reflect  +   d - +1 hat
rElec   +          Harm     .   (no cloak)
rCorr   +          Rampage  .   u - +0 pair of gloves of the Wild Haggis {rPois Regen+}
Will    ++++.      Rage     20% (boots unavailable)
Stlth   ++++......              M - amulet of reflection
HPRegen 1.83/turn               G - +4 ring of protection
MPRegen 0.25/turn               N - ring of Law {rElec rPois Will+ MP+9}

@: very slow
A: hooves 3, demonic guardian 2, ignite blood 1, weakness stinger 2, demonic
touch 1
a: Renounce Religion, Bend Time, Temporal Distortion, Slouch, Step From Time


You were on level 1 of the Orcish Mines.
You worshipped Cheibriados.
Cheibriados was exalted by your worship.
You visited 3 branches of the dungeon, and saw 15 of its levels.
You also visited: Sewer and Ossuary.

You collected 2671 gold pieces.
You spent 629 gold pieces at shops.

Inventory:

Hand Weapons
 h - a +9 dagger
 I - a +2 vorpal arbalest
 O - the +4 short sword of Rubbish (weapon) {vorpal, rCorr}
   (You bought it in a shop on level 1 of the Orcish Mines)

   It inflicts extra damage upon your enemies.
   rCorr:     It protects you from acid and corrosion.
Missiles
 D - a throwing net
 H - 4 curare-tipped darts
Armour
 d - a +1 hat (worn)
 f - the +0 leather armour "Karuvez" (worn) {rF- Will+++ Regen+ rCorr}
   (You found it on level 6 of the Dungeon)

   rF:        It makes you vulnerable to fire.
   Regen:     It increases your rate of health regeneration.
   rCorr:     It protects you from acid and corrosion.
   Will:      It greatly increases your willpower.
 p - an orb of wrath (worn)
 u - the +0 pair of gloves of the Wild Haggis (worn) {rPois Regen+}
   (You found it on level 5 of the Dungeon)

   rPois:     It protects you from poison.
   Regen:     It increases your rate of health regeneration.
Jewellery
 F - a ring of see invisible
 G - a +4 ring of protection (left hand)
 M - an amulet of reflection (around neck)
 N - the ring of Law (right hand) {rElec rPois Will+ MP+9}
   (You found it on level 10 of the Dungeon)

   [ring of magical power]

   rElec:     It insulates you from electricity.
   rPois:     It protects you from poison.
   MP:        It affects your magic capacity (+9).
   Will:      It increases your willpower.
Wands
 a - a wand of flame (26)
 i - a wand of polymorph (5)
 y - a wand of mindburst (4)
 L - a wand of paralysis (2)
Scrolls
 c - 2 scrolls of vulnerability
 j - 6 scrolls of teleportation
 n - 4 scrolls of immolation
 o - 3 scrolls of poison
 t - 2 scrolls of silence
 v - 2 scrolls of enchant armour
 w - a scroll of blinking
 x - a scroll of fear
 A - a scroll of amnesia {unknown}
 E - a scroll of magic mapping
 J - a scroll of fog
 Q - a scroll of summoning {unknown}
Potions
 b - 3 potions of attraction
 e - 8 potions of flight
 g - a potion of lignification {unknown}
 k - 2 potions of berserk rage
 l - 2 potions of cancellation {unknown}
 m - a potion of heal wounds {unknown}
 q - 5 potions of curing
 r - 2 potions of ambrosia
 s - 3 potions of brilliance {unknown}
 z - 2 potions of mutation {unknown}
 C - 2 potions of might
 K - a potion of magic


   Skills:
 + Level 3.1 Fighting
 + Level 3.9 Short Blades
 + Level 1.3 Ranged Weapons
 + Level 0.4 Throwing
 + Level 4.7 Armour
 + Level 5.3 Dodging
 + Level 5.2 Stealth
 + Level 1.9 Shields
 + Level 12.0 Spellcasting
 + Level 5.3 Conjurations
 + Level 12.0 Fire Magic
 + Level 1.0 Evocations


You had 5 spell levels left.
You knew the following spells:

 Your Spells              Type           Power      Damage    Failure   Level
a - Foxfire               Conj/Fire      100%       2x1d9     1%          1
b - Scorch                Fire           100%       2d10      1%          2
c - Conjure Flame         Conj/Fire      65%        6-21      1%          3
d - Flame Wave            Conj/Fire      65%        2d15      1%          4
e - Inner Flame           Hex/Fire       55%        N/A       1%          3
f - Sticky Flame          Conj/Fire      65%        2d8       1%          4
g - Dispel Undead         Necr           19%        3d11      26%         4
h - Cause Fear            Hex            9%         N/A       26%         4
i - Alistair's Intoxicat  Tmut/Pois      12%        N/A       58%         5

Your spell library contained the following spells:

 Spells                   Type           Power      Damage    Failure   Level
 Static Discharge         Conj/Air       36%        3-8/arc   1%          2
 Apportation              Tloc           38%        N/A       2%          1
 Necrotise                Necr           76%        1d7       2%          1
 Poisonous Vapours        Pois/Air       38%        N/A       4%          2
 Confusing Touch          Hex            19%        N/A       9%          3
 Vampiric Draining        Necr           19%        2d7       9%          3
 Corpse Rot               Necr/Pois/Air  19%        N/A       26%         4
 Olgreb's Toxic Radiance  Pois           19%        N/A       26%         4
 Agony                    Necr           19%        N/A       58%         5
 Yara's Violent Unravell  Hex/Tmut       9%         3d6       58%         5
 Ignition                 Fire           38%        3d11      78%         8
 Enfeeble                 Hex            9%         N/A       100%        7
 Ozocubu's Refrigeration  Ice            9%         4d9       100%        7
 Discord                  Hex            9%         N/A       100%        8


Dungeon Overview and Level Annotations

Branches:
Dungeon (12/15)            Temple (0/1) D:4            Lair (1/5) D:8
    Orc (2/2) D:11          Sewer (visited)         Ossuary (visited)
    Elf: Orc:2

Altars:
Cheibriados
Fedhas
Gozag
Hepliaklqana
Kikubaaqudgha
Makhleb
Sif Muna
Uskayaw

Shops:
D:7 **   Orc:1 *

Annotations:
D:4 2 runed translucent doors, elongatedgoose's ghost, novice TrBe
Orc:2 Snorg; Urug


Innate Abilities, Weirdness & Mutations

You have hooves in place of feet.
A demonic guardian rushes to your aid.
Your demonic aura sometimes causes spilled blood to erupt in flames.
You have a tail ending in a sharp stinger.
Your touch may inflict minor irresistible damage on your foes.


Message History

Cheibriados thoroughly appreciates the change of pace.
The flame wave engulfs the warg.
The warg is lightly wounded.
The orc high priest burns!
The orc priest begins to cast a cantrip, but forgets the words!
You block the troll's attack.
The troll claws you but does no damage. x2
The orc high priest hits you with a +0 battleaxe.
The warg bites you!
Unknown command.
You are too injured to fight recklessly!
Unknown command.
The orc high priest burns!
The orc high priest stops burning.
The troll bites you! You block the troll's attack. The troll barely misses you.
The orc high priest hits you with a +0 battleaxe!
* * * LOW HITPOINT WARNING * * *
A demonic guardian appears!
The warg completely misses you.
You climb upwards.
There is a stone staircase leading down here.
Okay, then.
Okay, then.
Casting: Flame Wave (mildly dangerous; 1% risk of failure)
Confirm with . or Enter, or press ? or * to list all spells.
Casting: Cause Fear (dangerous; 26% risk of failure)
Press: ? - help, Dir - look around, f - activate The orc high priest looks frightened!
The warg resists with almost no effort.
The troll looks frightened!
The warg bites you but does no damage.
You closely miss the warg. You kick the warg, but do no damage.
Your tail-slap misses the warg.
The warg bites you!
* * * LOW HITPOINT WARNING * * *
The orc high priest utters an invocation to Beogh.
You block the warg's attack. The warg completely misses you.
The orange demon misses you.
As you read the scroll of fog, it crumbles to dust.
The scroll dissolves into smoke.
The warg closely misses you. You block the red devil's attack.
The orange demon stings you but does no damage.
The warg bites you!
* * * LOW HITPOINT WARNING * * *
The red devil hits you from afar with a +0 trident!
You die...

#............#..#....###.....
##............##....###....#.
#............####..## ##.####
#............###....# ###
##............##...##
##..................##
#............§§§.....####
#...........§§§§.....##.## ##
##......#<..@h§§.........###.
#...#.......§§4§..>.....###..
##..#........4.§........###..
#.....T.....................
##..........................
##..#....................##
###.#....#.....#......###.
###............o###.#....#..
##................###.#......


You could see an orc high priest (fleeing), an orange demon (summoned), a troll
(fleeing), a warg and a red devil (summoned).

Vanquished Creatures
  A hydra (D:12)
  Harold (D:10)
  3 two-headed ogres
  A centaur warrior (D:12)
  Sonja (Orc:1)
  3 ugly things (D:12)
  A manticore (D:11)
  Maurice (D:9)
  A black mamba (Lair:1)
  Joseph (D:8)
  3 gargoyles
  Psyche (D:8)
  4 kobold demonologists
  4 komodo dragons
  2 unseen horrors (D:12)
  5 trolls
  A hornet (D:8)
  Grinder (D:5)
  2 wraiths (Ossuary)
  A shadow (D:12)
  13 yaks
  A vampire (D:11)
  2 steam dragons
  3 wargs
  2 acid dragons
  3 water moccasins (Lair:1)
  13 orc warriors
  4 sky beasts
  3 black bears
  3 ice beasts
  13 ogres
  12 wolves
  4 centaurs
  A phantom (D:6)
  2 kobold brigands
  6 bullfrogs
  5 necrophages
  2 gnoll sergeants
  3 scorpions (D:6)
  2 wights (Ossuary)
  6 killer bees
  2 howler monkeys
  4 hounds
  4 jellies
  A gnoll bouda (D:6)
  6 orc priests
  6 iguanas
  16 orc wizards
  19 gnolls
  12 adders
  2 river rats (Sewer)
  A shadow imp (D:7)
  2 white imps (D:6)
  An ufetubus (D:5)
  3 adder zombies (Ossuary)
  2 worms
  A dart slug (D:4)
  77 orcs
  13 ball pythons
  8 endoplasms
  4 giant cockroaches
  9 goblins
  11 hobgoblins
  6 jackals
  14 kobolds
  2 quokkas (Sewer)
  9 bats
  9 frilled lizards
  A hobgoblin zombie (Ossuary)
  4 kobold zombies (Ossuary)
  An orc zombie (Ossuary)
  4 rats
395 creatures vanquished.

Vanquished Creatures (collateral kills)
  A two-headed ogre (Orc:2)
  A yak (D:8)
  Grum (D:8)
  An orc warrior (Orc:2)
  2 wolves (D:8)
  5 orc priests
  2 gnolls (D:6)
  An adder (Sewer)
  3 orcs
  An endoplasm (D:4)
18 creatures vanquished.

Vanquished Creatures (others)
  An orc (D:8)
  A kobold (D:10)
  250 foxfires
  12 fungi (D:8)
  14 plants
  5 toadstools (D:5)
283 creatures vanquished.

Grand Total: 696 creatures vanquished

Notes
Turn   | Place    | Note
-------+----------+-------------------------------------------
     0 | D:1      | DemonSlayer the Demonspawn Fire Elementalist began the
                  | quest for the Orb.
     0 | D:1      | Reached XP level 1. HP: 13/13 MP: 3/3
   448 | D:1      | Gained mutation: A weak demonic guardian rushes to your
                  | aid. [demonic ancestry]
   448 | D:1      | Reached XP level 2. HP: 15/19 MP: 0/5
   451 | D:1      | Learned a level 2 spell: Scorch
   938 | D:1      | Found a faded altar of an unknown god.
  1488 | D:2      | Found a snail-covered altar of Cheibriados.
  1493 | D:2      | Discovered your monstrous ancestry.
  1493 | D:2      | Gained mutation: Your touch may inflict minor irresistible
                  | damage on your foes. [demonic ancestry]
  1493 | D:2      | Reached XP level 3. HP: 15/24 MP: 3/6
  1556 | D:2      | Became a worshipper of Cheibriados the Contemplative
  2471 | D:2      | Reached * piety under Cheibriados
  2623 | D:2      | Learned a level 3 spell: Conjure Flame
  2914 | D:3      | Gained mutation: A demonic guardian rushes to your aid.
                  | [demonic ancestry]
  2914 | D:3      | Reached XP level 4. HP: 30/30 MP: 7/7
  2934 | D:3      | Found a glowing drain.
  3049 | Sewer    | Entered a sewer
  3417 | Sewer    | Reached ** piety under Cheibriados
  3506 | Sewer    | Gained mutation: You have a small tail. [demonic ancestry]
  3506 | Sewer    | Reached XP level 5. HP: 13/36 MP: 0/9
  4169 | Sewer    | Learned a level 4 spell: Flame Wave
  4444 | D:3      | Noticed a sky beast
  4453 | D:3      | Killed a sky beast
  4454 | D:3      | Gained mutation: Your demonic aura sometimes causes spilled
                  | blood to erupt in flames. [demonic ancestry]
  4454 | D:3      | Reached XP level 6. HP: 42/42 MP: 1/11
  4605 | D:3      | Found a hazy altar of Hepliaklqana.
  5214 | D:4      | Found a staircase to the Ecumenical Temple.
  5251 | D:4      | Found a sand-covered staircase.
  5275 | Ossuary  | Entered an ossuary
  5314 | Ossuary  | Reached *** piety under Cheibriados
  5648 | Ossuary  | Noticed a flying skull
  5648 | Ossuary  | Noticed a wraith
  5659 | Ossuary  | Noticed a flying skull
  5674 | Ossuary  | Noticed a flying skull
  5795 | Ossuary  | Noticed a wraith
  5806 | Ossuary  | Killed a wraith
  5807 | Ossuary  | Gained mutation: You have large cloven feet. [demonic
                  | ancestry]
  5807 | Ossuary  | Reached XP level 7. HP: 30/47 MP: 0/13
  5928 | Ossuary  | Noticed a wraith
  5937 | Ossuary  | Killed a wraith
  5938 | Ossuary  | Reached skill level 5 in Fire Magic
  6090 | Ossuary  | Learned a level 3 spell: Inner Flame
  6331 | D:4      | Reached skill level 5 in Spellcasting
  6611 | D:4      | Reached skill level 1 in Fighting
  6655 | D:4      | Found a runed translucent door.
  6674 | D:4      | Found a burning altar of Makhleb.
  6750 | D:4      | Reached **** piety under Cheibriados
  6756 | D:4      | Gained mutation: You have a tail ending in a sharp stinger.
                  | [demonic ancestry]
  6756 | D:4      | Reached XP level 8. HP: 43/54 MP: 4/16
  7013 | D:4      | Found a runed translucent door.
  7016 | D:4      | Noticed elongatedgoose's ghost (novice TrBe)
  7210 | D:5      | Entered Level 5 of the Dungeon
  7212 | D:5      | Found a blossoming altar of Fedhas.
  7273 | D:5      | Reached skill level 1 in Short Blades
  7546 | D:5      | Identified the +0 pair of gloves of the Wild Haggis {rPois
                  | Regen+}
  8119 | D:5      | Found an ancient bone altar of Kikubaaqudgha.
  8119 | D:5      | Noticed Grinder
  8123 | D:5      | Killed Grinder
  8384 | D:5      | Learned a level 4 spell: Sticky Flame
  8384 | D:5      | Identified a scroll of acquirement
  8384 | D:5      | Acquired 1232 gold pieces
  8410 | D:6      | Reached ***** piety under Cheibriados
  8733 | D:6      | Noticed a troll
  8981 | D:6      | Identified the +0 leather armour "Karuvez" {rF- Will+++
                  | Regen+ rCorr}
  9024 | D:6      | Reached XP level 9. HP: 59/59 MP: 12/19
  9031 | D:6      | Killed a troll
  9188 | D:6      | Reached skill level 1 in Armour
  9810 | D:6      | Learned a level 4 spell: Dispel Undead
  9846 | D:7      | Found a hide-covered altar of Uskayaw.
 10314 | D:7      | Found an opulent altar of Gozag.
 10350 | D:7      | Found Wouted's General Store.
 10375 | D:7      | Found Usyecona's Specific Store.
 10383 | D:7      | Bought a scroll of fear for 52 gold pieces
 10383 | D:7      | Bought a scroll of blinking for 97 gold pieces
 10745 | D:8      | Reached ****** piety under Cheibriados
 10891 | D:8      | Noticed Grum
 10904 | D:8      | Gained mutation: You have hoof-like feet. [demonic
                  | ancestry]
 10904 | D:8      | Reached XP level 10. HP: 21/66 MP: 14/22
 10906 | D:8      | Killed Grum
 11065 | D:8      | Noticed Psyche
 11634 | D:8      | Noticed Joseph
 11641 | D:8      | Killed Joseph
 11833 | D:8      | Killed Psyche
 12103 | D:8      | Found a staircase to the Lair.
 12224 | D:8      | Learned a level 4 spell: Cause Fear
 12275 | Lair:1   | Entered Level 1 of the Lair of Beasts
 12397 | Lair:1   | Reached skill level 10 in Fire Magic
 12699 | Lair:1   | Reached XP level 11. HP: 67/72 MP: 15/24
 12702 | Lair:1   | Reached skill level 10 in Spellcasting
 13847 | Lair:1   | Learned a level 5 spell: Alistair's Intoxication
 15179 | D:9      | Noticed Maurice
 15184 | D:9      | Killed Maurice
 15254 | D:9      | Noticed a two-headed ogre
 15261 | D:9      | Killed a two-headed ogre
 15586 | D:9      | Found a snail-covered altar of Cheibriados.
 15769 | D:10     | Entered Level 10 of the Dungeon
 15873 | D:10     | Identified the ring of Law {rElec rPois Will+ MP+9}
 15990 | D:10     | Noticed a two-headed ogre
 15996 | D:10     | Killed a two-headed ogre
 16583 | D:10     | Noticed Harold
 16593 | D:10     | Killed Harold
 16849 | D:10     | Found a shimmering blue altar of Sif Muna.
 17449 | D:11     | Found a staircase to the Orcish Mines.
 17802 | D:11     | Reached skill level 1 in Shields
 17876 | D:11     | Gained mutation: You have hooves in place of feet. [demonic
                  | ancestry]
 17876 | D:11     | Reached XP level 12. HP: 80/80 MP: 27/27
 18227 | D:11     | You fall into a shaft and drop 1 floor!
 18772 | D:12     | Noticed an eight-headed hydra
 18779 | D:12     | Killed an eight-headed hydra
 18780 | D:12     | Reached skill level 5 in Stealth
 18991 | D:12     | Noticed a two-headed ogre
 19001 | D:12     | Killed a two-headed ogre
 19115 | D:12     | Reached skill level 5 in Conjurations
 19526 | D:12     | Noticed a centaur warrior
 19535 | D:12     | Killed a centaur warrior
 19536 | D:12     | Reached skill level 1 in Evocations
 20197 | Orc:1    | Entered Level 1 of the Orcish Mines
 20209 | Orc:1    | Noticed Sonja
 20223 | Orc:1    | Killed Sonja
 20224 | Orc:1    | Reached skill level 5 in Dodging
 20600 | Orc:1    | Found Quoc's Assorted Antiques.
 20604 | Orc:1    | You fall into a shaft and drop 1 floor!
 20604 | Orc:2    | Entered Level 2 of the Orcish Mines
 20649 | Orc:2    | Reached skill level 1 in Ranged Weapons
 20649 | Orc:2    | Noticed a two-headed ogre
 20658 | Orc:2    | Killed a two-headed ogre
 20665 | Orc:2    | Noticed Snorg
 21100 | Orc:1    | Bought a scroll labelled CAIKEX KOZIC for 32 gold pieces
 21100 | Orc:1    | Bought a transparent short sword for 256 gold pieces
 21100 | Orc:1    | Identified the +4 short sword of Rubbish {vorpal, rCorr}
                  | (You bought it in a shop on level 1 of the Orcish Mines)
 21100 | Orc:1    | Bought a glowing dagger for 160 gold pieces
 21100 | Orc:1    | Bought a scroll labelled RIERGH SOPLOS for 32 gold pieces
 21251 | Orc:2    | Noticed Urug
 21251 | Orc:2    | Noticed an orc high priest
 21262 | Orc:1    | Slain by a red devil

Illustrated notes

Levels and vault maps discovered:
D:1:      dpeg_arrival_triangle_fractal, layout_basic,
          ebering_ecumenical_altar_sacrificial
D:2:      layout_rooms, basic_altar, minmay_unequal
D:3:      layout_loops_ring, mainiacjoe_overflow_brackets, portal_sewer_entry_d
D:4:      layout_rooms, lemuel_tele_altar, minmay_temple_entry_statues_pillars,
          enter_ossuary_1, ebering_ghost_sewer_f, chequers_hall_statues_y,
          nicolae_figureground_sparkle
D:5:      layout_cave_pools, fedhas_bush_and_centaur_altar, tso_metal_star,
          kiku_gazebo_pond_becter, minmay_gold_behind_fungi, uniq_grinder
D:6:      cheibrodos_barr_body, layout_rooms, reono_crystal_passage
D:7:      layout_loops_ring, nicolae_gozag_cash_rules_everything_around_me,
          mainiacjoe_overflow_paths, nicolae_specific_store,
          kennysheep_decorative_pillar
D:8:      kennysheep_ambush_hall, layout_loops_ring,
          grunt_lair_entry_orc_guard_hut, uniq_psyche, uniq_joseph, uniq_grum
D:9:      layout_long_grid, general_overflow_altar, uniq_maurice
D:10:     layout_long_grid, led_sif_pool, uniq_harold
D:11:     layout_roguey [special_room_orc], david_orc_2, lightli_orcish_oven
D:12:     layout_layer_cave
Lair:1:   layout_chaotic_city, chequers_serial_rivers_micro_d
Orc:1:    layout_caves, serial_shops, nicolae_shop_overgrown_old_shop,
          uniq_sonja
Orc:2:    st_orc_pillars, layout_caves, uniq_urug, uniq_snorg

Skill      XL: |  1  2  3  4  5  6  7  8  9 10 11 12 |
---------------+-------------------------------------+-----
Fire Magic     | 3 4 5 7 9 10 11 12 | 12.0
Stealth        | 2 3 4 5 |  5.2
Conjurations   | 2 4 5 |  5.3
Dodging        | 2 3 4 5 |  5.3
Spellcasting   | 3 4 5 7 8 9 11 12 | 12.0
Fighting       | 1 2 3 |  3.1
Short Blades   | 1 2 3 |  3.9
Armour         | 1 3 4 |  4.7
Shields        | 1 |  1.9
Evocations     | 1 |  1.0
Ranged Weapons | 1 |  1.3
Throwing       | |  0.4

Action                   |  1- 3 |  4- 6 |  7- 9 | 10-12 || total
-------------------------+-------+-------+-------+-------++-------
Melee: Unarmed           |    20 |       |       |       ||    20
       Dagger            |    12 |    33 |    50 |   161 ||   256
       Tailslap          |       |     3 |     3 |    32 ||    38
       Touch             |       |     1 |       |     1 ||     2
       Kick              |       |       |    13 |    59 ||    72
       Short sword       |       |       |       |     1 ||     1
 Fire: Arbalest          |       |       |       |    18 ||    18
Throw: Throwing net      |       |       |       |     4 ||     4
       Dart              |       |       |       |     1 ||     1
 Cast: Foxfire           |   110 |    22 |       |    14 ||   146
       Scorch            |       |    58 |   170 |   109 ||   337
       Sticky Flame      |       |       |       |   120 ||   120
       Flame Wave        |       |       |       |     8 ||     8
       Cause Fear        |       |       |       |     1 ||     1
Evoke: Wand              |       |       |       |    14 ||    14
  Use: Potion            |     1 |     2 |     2 |     1 ||     6
       Scroll            |    10 |     7 |    10 |     8 ||    35
 Stab: Sleeping          |     2 |     5 |     3 |    11 ||    21
       Distracted        |       |       |     1 |     3 ||     4
       Held in net/web   |       |       |       |     1 ||     1
Armor: Robe              |    14 |    17 |    19 |       ||    50
       Leather armour    |       |       |    15 |   214 ||   229
Dodge: Dodged            |    57 |    50 |   110 |   432 ||   649
Block: Orb               |       |       |       |    46 ||    46
       Reflection        |       |       |       |     5 ||     5
       Other             |       |       |       |     6 ||     6
